AoeStats
← Maximus1743

Black Forest

509277292Analyzed
4v4 RM · 5d ago on Sep 26, 2026· 51m 41s· 8 players
Game mode
Random Map
Map size
Large (8 player)
Population
200
Speed
Normal
Resources
Standard
Victory
Conquest
Starting age
Dark Age
Ending age
Imperial Age
RankedLock teamsTeams togetherTeam positionsShared explorationLock speedFull tech treeHidden civsTurbo modeCheats
Victory
Defeat
🇹🇼 Japanese · Taiwan
1263
+14
🇨🇳 Italians · China
1251
+14
🇯🇵 Tatars · Japan
1246
+15
🇨🇳 Bohemians · China
1164
+17
🇺🇸 Turks · United States
1254
-17
🇲🇽 Teutons · Mexico
1237
-16
🇨🇳 Bengalis · China
1193
-14
🇹🇷 Varangians · Türkiye
1171
-13
Maximus1743
0:47 Loom
10:56 Feudal Age
12:34 Fletching
25:06 Double-Bit Axe
25:08 Horse Collar
29:52 Castle Age
28:18 Double-Bit Axe
29:07 Scale Mail Armor
30:11 Forging
30:34 Bodkin Arrow
30:35 Town Watch
30:50 Gambesons
31:20 Guard Tower
31:04 Man-at-Arms
33:10 Wheelbarrow
32:55 Bow Saw
33:33 Long Swordsman
34:48 Squires
37:03 Chain Mail Armor
37:48 Arson
41:09 Iron Casting
41:20 Gambesons
45:39 Imperial Age
44:23 Hand Cart
44:10 Heavy Plow
45:46 Two-Handed Swordsman
47:12 Plate Mail Armor
46:33 Capped Ram
49:45 Champion
51:31 Blast Furnace
evertone
0:48 Loom
15:27 Feudal Age
19:04 Castle Age
20:55 Fletching
24:04 Bodkin Arrow
26:17 Wheelbarrow
30:22 Imperial Age
28:10 Double-Bit Axe
28:08 Fishing Lines
30:01 Horse Collar
30:34 Bow Saw
32:00 Gold Mining
33:56 Gillnets
35:55 Hand Cart
35:41 Padded Archer Armor
35:52 Town Watch
39:22 Conscription
品浩
11:20 Feudal Age
13:05 Double-Bit Axe
13:23 Fishing Lines
19:54 Castle Age
21:03 Bow Saw
22:16 Gillnets
24:40 Wheelbarrow
24:42 Horse Collar
27:09 Heavy Plow
27:11 Gold Mining
27:38 Hand Cart
28:29 Stone Mining
29:15 Gold Shaft Mining
29:23 Gold Shaft Mining
29:18 Fletching
29:29 Padded Archer Armor
29:51 Ballistics
29:42 Masonry
30:41 Bodkin Arrow
31:02 Leather Archer Armor
33:22 Imperial Age
30:40 Loom
31:26 Town Watch
33:48 Bloodlines
33:39 Husbandry
33:57 Paiks
35:06 Two-Man Saw
34:39 Crop Rotation
34:33 Bracer
35:03 Ring Archer Armor
35:05 Conscription
34:57 Light Cavalry
36:34 Architecture
37:05 Chemistry
36:14 Scale Barding Armor
36:19 Forging
36:01 Elite Elephant Archer
39:32 Chain Barding Armor
42:16 Plate Barding Armor
42:16 Iron Casting
41:54 Fortified Wall
41:51 Siege Engineers
42:24 Mahayana
48:15 Blast Furnace
48:01 Caravan
48:32 Coinage
baha
1:58 Loom
4:53 Loom
10:49 Feudal Age
22:24 Fishing Lines
31:31 Castle Age
29:20 Double-Bit Axe
34:02 Bow Saw
33:45 Gold Mining
33:46 Stone Mining
33:38 Horse Collar
37:13 Imperial Age
35:45 Scale Mail Armor
36:32 Forging
36:53 Chain Mail Armor
38:35 Wheelbarrow
38:14 Squires
37:59 Arson
39:03 Plate Mail Armor
39:08 Iron Casting
38:29 Elite Varangian Guard
40:28 Conscription
41:18 Blast Furnace
哈偶纳尼
0:42 Loom
11:26 Feudal Age
13:03 Man-at-Arms
22:19 Arson
24:57 Fletching
30:03 Castle Age
28:15 Stone Mining
30:59 Wheelbarrow
31:27 Double-Bit Axe
31:45 Bodkin Arrow
34:43 Gold Mining
36:09 Padded Archer Armor
39:30 Imperial Age
37:42 Thumb Ring
42:28 Elite Skirmisher
46:29 Town Watch
48:58 Chemistry
49:25 Hand Cart
gx5v163237
1:36 Loom
13:28 Feudal Age
15:24 Double-Bit Axe
15:10 Man-at-Arms
16:34 Arson
27:27 Castle Age
27:04 Fletching
27:17 Fishing Lines
29:25 Wheelbarrow
29:15 Bow Saw
33:27 Hand Cart
36:24 Imperial Age
34:17 Stone Mining
34:20 Gold Mining
34:55 Bodkin Arrow
35:08 Elite Skirmisher
36:19 Gillnets
36:45 Padded Archer Armor
37:10 Ballistics
41:43 Leather Archer Armor
41:29 Bracer
42:33 Chemistry
41:45 Masonry
41:43 Caravan
42:29 Gold Shaft Mining
41:41 Treadmill Crane
42:41 Thumb Ring
43:44 Capped Ram
44:27 Horse Collar
49:46 Parthian Tactics
48:43 Heavy Cavalry Archer
49:55 Ring Archer Armor
51:52 Scale Mail Armor
52:03 Forging
XY
8:52 Loom
10:49 Feudal Age
14:46 Castle Age
14:37 Double-Bit Axe
14:36 Horse Collar
16:58 Wheelbarrow
17:14 Heavy Plow
20:44 Bow Saw
21:14 Fervor
24:27 Hand Cart
30:37 Imperial Age
28:32 Pikeman
29:23 Scale Mail Armor
29:33 Forging
30:27 Chemistry
29:55 Ballistics
29:49 Fletching
30:10 Forging
30:43 Squires
30:29 Arson
32:41 Two-Man Saw
31:04 Halberdier
33:36 Chain Mail Armor
33:56 Iron Casting
33:55 Houfnice
36:12 Plate Mail Armor
36:42 Blast Furnace
168kcal
12:15 Feudal Age
13:47 Wheelbarrow
15:48 Castle Age
13:46 Double-Bit Axe
14:35 Horse Collar
17:18 Bow Saw
18:54 Heavy Plow
19:35 Loom
20:28 Loom
25:01 Scale Barding Armor
32:11 Imperial Age
29:57 Hand Cart
29:53 Town Watch
30:20 Forging
31:07 Chain Barding Armor
31:02 Bloodlines
30:53 Husbandry
32:12 Iron Casting
33:16 Conscription
33:16 Silk Armor
34:29 Plate Barding Armor
33:25 Elite Steppe Lancer
35:43 Blast Furnace
49:39 Town Patrol
Connection lost

Rejoining the realm…

Still unreachable

The connection could not be restored.

Session expired

The server has moved on; the page needs a fresh start.